 Dungeon Crawl Stone Soup version 0.27.0-1-g7a089689b8 (webtiles) character file.

Game seed: 15391531575040614869

72933 sanka the Spry (level 15, 0/80 HPs)
             Began as a Spriggan Fire Elementalist on July 31, 2021.
             Was a High Priest of Okawaru.
             Slain by a wolf spider (13 damage)
             ... on level 12 of the Dungeon on Aug 1, 2021.
             The game lasted 01:23:15 (38475 turns).

sanka the Spry (Spriggan Fire Elementalist)        Turns: 38475, Time: 01:23:15

Health: 0/80       AC:  8    Str:  4    XL:     15   Next: 2%
Magic:  0/22       EV: 39    Int: 17    God:    Okawaru [*****.]
Gold:   1379       SH:  0    Dex: 22    Spells: 15/26 levels left

rFire    . . .     SeeInvis +     - Unarmed
rCold    . . .     Faith    .   (shield currently unavailable)
rNeg     . . .     Spirit   +   m - +0 steam dragon scales
rPois    .         Reflect  .   (helmet restricted)
rElec    .         Harm     .   N - +2 cloak {Will+}
rCorr    .         Rampage  .   (gloves unavailable)
Will     +++..                  (boots unavailable)
Stlth    +++.......             e - amulet of guardian spirit
HPRegen  0.23/turn              Q - ring of the Hare {EV+8}
MPRegen  0.18/turn              R - +4 ring of slaying

@: lethally poisoned (0 -> -35), blade hands (expiring), very quick
A: very small, no large weapons, unfitting armour, see invisible, speed 3, low
mp 1
a: End Transformation, Renounce Religion, Heroism, Finesse


You were on level 12 of the Dungeon.
You worshipped Okawaru.
Okawaru was extremely pleased with you.
You had blades for hands.
You visited 4 branches of the dungeon, and saw 22 of its levels.

You collected 2171 gold pieces.
You spent 792 gold pieces at shops.


Innate Abilities, Weirdness & Mutations

You have blades for hands.
Your spellcasting is less reliable in this form.
You are incapable of wielding weapons or throwing items.
You are very small and have problems with some larger weapons.
You are too small for most types of armour.
You have supernaturally acute eyesight. (SInv)
You cover ground extremely quickly. (Speed+++)
Your magical capacity is low. (-10% MP)


   Skills:
 - Level 10.0 Fighting
 - Level 15.0 Dodging
 - Level 3.0 Stealth
 + Level 13.7 Unarmed Combat
 - Level 6.0 Spellcasting
 - Level 0.6 Conjurations
 - Level 12.0 Transmutations
 - Level 2.4 Fire Magic
 - Level 2.0 Air Magic
 - Level 2.0 Poison Magic
 - Level 8.0 Invocations


You had 15 spell levels left.
You knew the following spells:

 Your Spells              Type           Power      Damage    Failure   Level
u - Poisonous Vapours     Pois/Air       22%        N/A       43%         2
x - Spider Form           Tmut/Pois      14%        N/A       22%         3
y - Foxfire               Conj/Fire      40%        2x1d6     38%         1
z - Blade Hands           Tmut           22%        N/A       24%         5

Your spell library contained the following spells:

 Spells                   Type           Power      Damage    Failure   Level
 Beastly Appendage        Tmut           90%        N/A       7%          1
 Wereblood                Tmut           45%        N/A       8%          2
 Passwall                 Tmut/Erth      20%        N/A       19%         2
 Sandblast                Erth           10%        2d5       52%         1
 Corpse Rot               Necr/Air       N/A        N/A       52%         2
 Blink                    Tloc           N/A        N/A       61%         2
 Conjure Flame            Conj/Fire      10%        6-21      63%         3
 Inner Flame              Hex/Fire       9%         N/A       67%         3
 Lesser Beckoning         Tloc           2%         N/A       78%         3
 Portal Projectile        Hex/Tloc       10%        N/A       78%         3
 Sticky Flame             Conj/Fire      10%        2d3       90%         4
 Dragon Form              Tmut           22%        N/A       92%         7
 Eringya's Noxious Bog    Tmut/Pois      14%        N/A       96%         6
 Animate Dead             Necr           2%         N/A       97%         4
 Cause Fear               Hex            2%         N/A       97%         4
 Dispel Undead            Necr           5%         3d7       97%         4
 Fulminant Prism          Conj/Hex       3%         3d6       97%         4
 Iskenderun's Mystic Bla  Conj/Tloc      6%         2d4       97%         4
 Fireball                 Conj/Fire      5%         3d5       99%         5
 Freezing Cloud           Conj/Ice/Air   4%         6-21      99%         5
 Borgnjor's Vile Clutch   Necr/Erth      2%         N/A       100%        5
 Excruciating Wounds      Necr           2%         N/A       100%        5
 Lee's Rapid Deconstruct  Erth           2%         3d6*      100%        5
 Manifold Assault         Tloc           5%         N/A       100%        5
 Summon Forest            Summ/Tloc      2%         N/A       100%        5
 Death Channel            Necr           2%         N/A       100%        6
 Summon Hydra             Summ           2%         N/A       100%        7
 Dragon's Call            Summ           2%         N/A       100%        9

Inventory:

Missiles
 n - 2 throwing nets {=f}
 y - 2 curare-tipped darts {=f}
Armour
 m - +0 steam dragon scales (worn)
 M - a scarf of shadows
 N - a +2 cloak of willpower (worn)
Jewellery
 d - a ring of resist corrosion
 e - an amulet of guardian spirit (around neck)
 r - a ring of magical power
 z - a +4 ring of protection
 L - a ring of fire
 Q - the ring of the Hare (left blade hand) {EV+8}

   [ring of evasion]

   EV:        It affects your evasion (+8).
 R - a +4 ring of slaying (right blade hand)
Wands
 a - a wand of paralysis (19)
 f - a wand of digging (16)
 j - a wand of flame (32)
 G - a wand of polymorph (19)
Scrolls
 c - 2 scrolls of identify {@r1}
 g - 2 scrolls of magic mapping
 p - a scroll of enchant armour
 q - 6 scrolls of teleportation {@r4}
 t - 3 scrolls of silence {!r}
 v - 5 scrolls of amnesia
 A - 3 scrolls of vulnerability {!r}
 C - 2 scrolls of fear
 D - 2 scrolls of enchant weapon
 F - 2 scrolls of immolation {!r}
 H - 2 scrolls of blinking
 I - 2 scrolls of fog
 K - a scroll of holy word
 P - a scroll of acquirement
Potions
 b - 3 potions of mutation {unknown}
 h - 2 potions of cancellation {unknown}
 i - 3 potions of attraction {unknown}
 k - 3 potions of heal wounds {@q2}
 l - a potion of magic {unknown}
 o - a potion of ambrosia {unknown}
 s - 2 potions of invisibility {unknown}
 u - 4 potions of flight {unknown}
 w - a potion of haste {unknown}
 x - 3 potions of resistance {unknown}
 B - 3 potions of brilliance {unknown}
 E - a potion of might {unknown}
 J - 9 potions of curing {@q1}
 O - 2 potions of lignification {!q}

Dungeon Overview and Level Annotations

Branches:
Dungeon (13/15)            Temple (1/1) D:6            Lair (6/6) D:10
  Swamp (0/4) Lair:2        Snake (0/4) Lair:4        Slime (0/5) Lair:5
    Orc (2/2) D:11            Elf (0/3) Orc:2
 Vaults: D:13-14

Altars:
Ashenzari
Cheibriados
Elyvilon
Kikubaaqudgha
Makhleb
Okawaru
Sif Muna
Trog
Vehumet
Wu Jian
Xom
Yredelemnul
Zin
The Shining One
Beogh
Jiyva

Shops:
D:1 ?   D:6 (   D:9 *   Orc:1 =   Orc:2 ([*[

Annotations:
D:8 2 transporters
Lair:4 1 runed translucent door, Murgh's ghost, journeyman MiBe
Lair:5 2 transporters, 1 runed translucent door, exclusion: ice statue, Panli's ghost, journeyman CeAM; Wolly's ghost, journeyman CeAM
Lair:6 3 runed translucent doors, Nattefrost's ghost, journeyman DrHu; Wostir's ghost, journeyman TeMo

▒....▒ ▒▒▒▒.▒ ▒.▒▒
▒..▒ ▒▒▒
▒▒▒'▒▒▒▒▒▒
..▒▒▒▒▒▒▒......).▒
.......▒▒........▒
..▒▒▒▒..'......†.▒
..▒ ▒▒▒▒.......i▒
▒▒▒ ▒......s.▒ ▒▒▒
▒▒▒▒▒▒'▒▒▒ ..▒ ▒.▒
▒.▒ ▒▒▒▒.▒ ▒'▒▒
▒...<▒ ...▒
▒▒▒▒'▒▒▒▒▒▒ ...▒
▒.........▒ .(.▒
▒.....)...▒


You could see a wolf spider.


Message History

The wolf spider is lightly wounded.
You feel sick. The wolf spider completely misses you.
The wolf spider completely misses you.
You slash the wolf spider!
The wolf spider is moderately wounded.
You feel sick. The wolf spider barely misses you.
The wolf spider completely misses you.
You hit the wolf spider.
The wolf spider is moderately wounded.
You feel sick. The wolf spider misses you.
The wolf spider completely misses you.
You slice the wolf spider!!
The wolf spider is severely wounded.
You feel sick. The wolf spider completely misses you.
The wolf spider bites you.
* * * LOW HITPOINT WARNING * * *
You are lethally poisoned!
The wolf spider poisons you! The wolf spider completely misses you.
The wolf spider completely misses you.
You slash the wolf spider!
The wolf spider is almost dead.
* * * LOW HITPOINT WARNING * * *
You feel very sick. The wolf spider hits you!!
You die...

Action                   |  1- 3 |  4- 6 |  7- 9 | 10-12 | 13-15 || total
-------------------------+-------+-------+-------+-------+-------++-------
Melee: Unarmed           |    11 |       |       |   478 |   875 ||  1364
       War axe           |    20 |       |       |       |       ||    20
       Whip              |    17 |    97 |   236 |   317 |       ||   667
       Dagger            |     1 |       |       |       |       ||     1
       Punch             |       |       |     1 |    33 |    46 ||    80
 Cast: Foxfire           |    57 |       |    17 |       |       ||    74
       Poisonous Vapours |       |    27 |    70 |   121 |       ||   218
       Blade Hands       |       |       |       |    57 |    85 ||   142
       Spider Form       |       |       |       |     1 |    11 ||    12
Invok: Heroism           |       |       |     9 |    36 |    27 ||    72
       Finesse           |       |       |       |       |     1 ||     1
 Abil: End Transformatio |       |       |       |       |     2 ||     2
Evoke: Wand              |       |       |     9 |     5 |    12 ||    26
  Use: Scroll            |       |       |       |    11 |     4 ||    15
       Potion            |       |       |       |     2 |     1 ||     3
 Stab: Sleeping          |     4 |     6 |     5 |     3 |     3 ||    21
       Paralysed         |       |       |       |     3 |       ||     3
       Distracted        |       |       |       |     3 |       ||     3
Armor: Robe              |     3 |     4 |    14 |     3 |       ||    24
       Steam dragon scal |       |       |       |    23 |    36 ||    59
       Skin              |       |       |       |     1 |     2 ||     3
Dodge: Dodged            |    56 |    66 |   343 |   762 |   944 ||  2171

Levels and vault maps discovered:
D:1:      dpeg_arrival_pits, layout_basic, serial_shops, shop_scrolls,
          st_stairs_13
D:2:      layout_loops_ring
D:3:      layout_loops_ring, mainiacjoe_overflow_tiny_flanked
D:4:      layout_loops_cross, uniq_robin
D:5:      layout_gridville, uniq_duvessa
D:6:      layout_rooms, tso_altar, lemuel_temple_firewalk_b, serial_shops, shop,
          gup_sewer_entry_glass, kennysheep_generic_room_8, uniq_grinder,
          uniq_edmund
D:7:      layout_rooms, gammafunk_temple_overflow_wave,
          trog_three_pillars_becter, nicolae_overflow_hidden_temple, uniq_joseph
D:8:      layout_rooms, grunt_temple_overflow_order_and_chaos_2,
          gammafunk_temple_overflow_arena, special_room [special_room_orc],
          centaur_isle
D:9:      layout_basic, serial_shops, nicolae_shop_stone, uniq_grum, uniq_maggie
D:10:     layout_cross, minmay_lair_entry_grove, hangedman_abyss_or_decor_stabs,
          david_defended_altar_orc, uniq_maurice, uniq_josephine
D:11:     layout_basic, kennysheep_orc_monster_closet_entryway, uniq_harold,
          uniq_erica
D:12:     layout_roguey
D:13:     layout_cave_pools, david_vaults_5, uniq_azrael
Temple:   minmay_temple_forest_path
Lair:1:   layout_long_grid, basic_altar, grunt_megastairs_4
Lair:2:   layout_loops_ring, skrybe_swamp_entry_bodies, minmay_lair_oklob_bushes
Lair:3:   layout_chaotic_city, basic_altar
Lair:4:   layout_long_grid, guppyfry_snake_entry_garden, special_room
          [special_room_mythical_zoo], ebering_ghost_funeral_grove,
          serial_bayou_shore_b, grunt_megastairs_2, serial_bayou_shore_a,
          minmay_lair_oklob_chamber
Lair:5:   layout_hall_layers, slime_altar_2, basic_altar, nzn_ghost_randoct,
          lemuel_fruit_tree
Lair:6:   hangedman_lair_in_review, layout_long_grid, gammafunk_ghost_cemetery,
          lemuel_old_faithful
Orc:1:    layout_diamond_mine, serial_shops, nicolae_shop_trees
Orc:2:    grunt_orc_community_town_hall, layout_diamond_mine,
          grunt_orc_community_big_house_2, grunt_orc_community_big_house_1,
          grunt_orc_community_house_3, grunt_orc_community_house_1,
          grunt_orc_community_house_2, grunt_orc_community_house_3

Notes
Turn   | Place    | Note
-------+----------+-------------------------------------------
     0 | D:1      | sanka the Spriggan Fire Elementalist began the quest for
                  | the Orb.
     0 | D:1      | Reached XP level 1. HP: 9/9 MP: 5/5
   178 | D:1      | Reached skill level 3 in Dodging
   624 | D:1      | Reached XP level 2. HP: 13/13 MP: 3/6
  1099 | D:1      | Reached skill level 4 in Dodging
  1463 | D:1      | Learned a level 2 spell: Poisonous Vapours
  1841 | D:1      | Found Tiuklijo's Magic Scroll Emporium.
  1904 | D:1      | Reached XP level 3. HP: 12/16 MP: 1/8
  2767 | D:2      | Reached skill level 3 in Spellcasting
  2767 | D:2      | Reached skill level 1 in Poison Magic
  3613 | D:3      | Found a basalt altar of Yredelemnul.
  3616 | D:3      | Reached skill level 1 in Air Magic
  3672 | D:3      | Reached XP level 4. HP: 15/21 MP: 9/9
  4520 | D:4      | Noticed a phantom
  4531 | D:4      | Killed a phantom
  4532 | D:4      | Reached skill level 4 in Spellcasting
  4532 | D:4      | Reached skill level 2 in Air Magic
  4532 | D:4      | Reached skill level 2 in Poison Magic
  4532 | D:4      | Reached XP level 5. HP: 8/24 MP: 3/12
  4903 | D:4      | Reached skill level 5 in Dodging
  5101 | D:4      | Noticed Robin
  5132 | D:4      | Killed Robin
  5467 | D:5      | Entered Level 5 of the Dungeon
  5768 | D:5      | Noticed Duvessa
  5791 | D:5      | Killed Duvessa
  5792 | D:5      | Reached skill level 6 in Dodging
  5792 | D:5      | Reached XP level 6. HP: 28/28 MP: 4/13
  5877 | D:5      | Noticed a yak
  5877 | D:5      | Noticed a yak
  5877 | D:5      | Noticed a yak
  5964 | D:4      | Killed a yak
  5965 | D:4      | Reached skill level 8 in Dodging
  6354 | D:5      | Noticed Dowan
  6359 | D:5      | Killed Dowan
  6360 | D:5      | Reached skill level 1 in Fighting
  6360 | D:5      | Reached XP level 7. HP: 33/33 MP: 7/14
  6627 | D:5      | Reached skill level 2 in Fighting
  6743 | D:5      | Killed a yak
  6744 | D:5      | Reached skill level 9 in Dodging
  6764 | D:5      | Killed a yak
  6765 | D:5      | Reached skill level 3 in Fighting
  6889 | D:5      | Reached XP level 8. HP: 33/40 MP: 12/15
  7068 | D:6      | Reached skill level 10 in Dodging
  7168 | D:6      | Noticed Edmund
  7201 | D:6      | Killed Edmund
  7217 | D:6      | Found a staircase to the Ecumenical Temple.
  7226 | Temple   | Entered the Ecumenical Temple
  7396 | Temple   | Became a worshipper of Warmaster Okawaru
  7521 | D:6      | Reached skill level 11 in Dodging
  7683 | D:6      | Noticed Grinder
  7691 | D:6      | Killed Grinder
  7745 | D:6      | Reached skill level 12 in Dodging
  7767 | D:6      | Reached skill level 2 in Transmutations
  7767 | D:6      | Found Xueteg's Weapon Boutique.
  7886 | D:6      | Found a glowing drain.
  7898 | D:6      | Reached skill level 3 in Transmutations
  7982 | D:6      | Learned a level 5 spell: Blade Hands
  8099 | D:6      | Found a glowing golden altar of the Shining One.
  8181 | D:6      | Learned a level 3 spell: Spider Form
  8192 | D:6      | Reached * piety under Okawaru
  8193 | D:6      | Reached skill level 4 in Transmutations
  8468 | D:6      | Reached skill level 5 in Transmutations
  8894 | D:7      | Reached skill level 6 in Transmutations
  8894 | D:7      | Reached XP level 9. HP: 38/44 MP: 12/16
  8961 | D:7      | Noticed Joseph
  9466 | D:7      | Found a bloodstained altar of Trog.
  9508 | D:7      | Reached skill level 7 in Transmutations
  9998 | D:7      | Killed Joseph
  9998 | D:7      | Reached ** piety under Okawaru
  9999 | D:7      | Reached skill level 8 in Transmutations
 10131 | D:7      | Found a broken altar of Ashenzari.
 10131 | D:7      | Found a shimmering altar of Xom.
 10167 | D:7      | Found a snail-covered altar of Cheibriados.
 10249 | D:7      | Reached skill level 9 in Transmutations
 10576 | D:8      | HP: 4/44 [centaur/arrow (8)]
 10996 | D:8      | Noticed a two-headed ogre
 11087 | D:8      | Killed a two-headed ogre
 11087 | D:8      | Reached *** piety under Okawaru
 11088 | D:8      | Reached skill level 10 in Transmutations
 11088 | D:8      | Reached skill level 4 in Invocations
 11088 | D:8      | Reached skill level 1 in Unarmed Combat
 11209 | D:8      | Found an ancient bone altar of Kikubaaqudgha.
 11209 | D:8      | Noticed an eight-headed hydra
 11211 | D:8      | Noticed a red ugly thing
 11217 | D:8      | Found a transporter.
 11229 | D:8      | Found a transporter.
 11249 | D:8      | Reached skill level 2 in Unarmed Combat
 11825 | D:8      | Reached XP level 10. HP: 48/49 MP: 11/17
 11884 | D:8      | Reached skill level 3 in Unarmed Combat
 12191 | D:8      | Found a burning altar of Makhleb.
 12191 | D:8      | Found a glowing silver altar of Zin.
 12192 | D:8      | Noticed an angel
 12192 | D:8      | Noticed an Executioner
 12618 | D:7      | Reached skill level 4 in Unarmed Combat
 13570 | D:9      | Noticed Grum
 13781 | D:9      | Killed Grum
 13782 | D:9      | Reached skill level 5 in Unarmed Combat
 13961 | D:9      | Identified +0 steam dragon scales
 13961 | D:9      | Noticed Maggie
 14085 | D:9      | Killed Maggie
 14322 | D:9      | Noticed a gargoyle
 14469 | D:9      | Reached **** piety under Okawaru
 14470 | D:9      | Reached skill level 6 in Unarmed Combat
 15155 | D:9      | Reached skill level 7 in Unarmed Combat
 15831 | D:9      | Found Synix's Assorted Antiques.
 16007 | D:10     | Entered Level 10 of the Dungeon
 16039 | D:10     | Found a burning altar of Makhleb.
 16577 | D:9      | Killed a gargoyle
 16578 | D:9      | Reached skill level 8 in Unarmed Combat
 16690 | D:9      | Reached XP level 11. HP: 25/52 MP: 5/18
 17182 | D:10     | Reached skill level 11 in Transmutations
 17466 | D:10     | Noticed Maurice
 17560 | D:10     | Killed Maurice
 17602 | D:10     | Found a staircase to the Lair.
 17674 | D:10     | Noticed Josephine
 17702 | D:10     | Reached ***** piety under Okawaru
 17703 | D:10     | Reached skill level 9 in Unarmed Combat
 18391 | D:10     | Identified the +8 dagger of Funaemew {pain, rN+ Dex+3}
 18420 | D:10     | Noticed a two-headed ogre
 18432 | D:10     | Killed a two-headed ogre
 18577 | D:10     | Killed Josephine
 18578 | D:10     | Reached skill level 10 in Unarmed Combat
 18858 | D:11     | Identified the +0 robe of Sunlight {Dex+4}
 19074 | D:11     | Found a staircase to the Orcish Mines.
 19096 | D:11     | Reached skill level 12 in Transmutations
 19133 | D:11     | Noticed a boulder beetle
 19346 | D:11     | Received a gift from Okawaru
 19401 | D:11     | Noticed Erica
 19409 | D:11     | Killed Erica
 19606 | D:11     | Reached skill level 5 in Spellcasting
 19606 | D:11     | Reached XP level 12. HP: 39/57 MP: 11/20
 20030 | D:11     | Noticed Harold
 20042 | D:11     | Killed Harold
 20043 | D:11     | Reached skill level 4 in Fighting
 20362 | D:11     | Noticed a two-headed ogre
 20377 | D:11     | Killed a two-headed ogre
 20831 | Lair:1   | Entered Level 1 of the Lair of Beasts
 20915 | Lair:1   | Identified +0 ice dragon scales
 20920 | Lair:1   | Reached skill level 6 in Spellcasting
 21356 | Lair:1   | Identified the +7 fustibalus of the Distant Future {venom,
                  | SInv Stlth+} (Okawaru gifted it to you on level 1 of the
                  | Lair of Beasts)
 21356 | Lair:1   | Received a gift from Okawaru
 21390 | Lair:1   | Reached skill level 13 in Dodging
 21919 | Lair:1   | Found a basalt altar of Yredelemnul.
 22720 | Lair:2   | Reached skill level 5 in Fighting
 22778 | Lair:2   | Reached skill level 5 in Invocations
 22802 | Lair:2   | Found a staircase to the Swamp.
 23058 | Lair:2   | Noticed a seven-headed hydra
 23502 | Lair:3   | Found a glowing golden altar of the Shining One.
 24297 | Lair:3   | Noticed a four-headed hydra
 24308 | Lair:3   | Killed a four-headed hydra
 24589 | Lair:4   | Reached skill level 11 in Unarmed Combat
 24907 | Lair:4   | Reached XP level 13. HP: 65/65 MP: 15/23
 25017 | Lair:4   | Found a runed translucent door.
 25022 | Lair:4   | Identified the +9 trident of Etotusy {drain, Str+3}
 25023 | Lair:4   | Noticed Murgh's ghost (journeyman MiBe)
 25259 | Lair:4   | Reached skill level 6 in Invocations
 25978 | Lair:4   | Reached skill level 6 in Fighting
 25978 | Lair:4   | Reached skill level 14 in Dodging
 26527 | Lair:4   | Found a staircase to the Snake Pit.
 26538 | Lair:4   | Identified the +5 quarterstaff "Giluggung" {venom, rPois
                  | rC- Will+++ Str-2} (Okawaru gifted it to you on level 4 of
                  | the Lair of Beasts)
 26538 | Lair:4   | Received a gift from Okawaru
 27015 | Lair:5   | Found a transporter.
 27018 | Lair:5   | Found a transporter.
 27024 | Lair:5   | Identified a scroll of acquirement
 27034 | Lair:5   | Found a runed translucent door.
 27034 | Lair:5   | Found a viscous altar of Jiyva.
 27544 | Lair:5   | Noticed Wolly's ghost (journeyman CeAM)
 27555 | Lair:5   | Identified +0 steam dragon scales
 27811 | Lair:5   | Found the ring of the Hare {EV+8}
 28264 | Lair:5   | Found a glowing golden altar of the Shining One.
 28393 | Lair:5   | Noticed an azure jelly
 28474 | Lair:5   | Found a staircase to the Slime Pits.
 28474 | Lair:5   | Noticed an azure jelly
 28494 | Lair:5   | Noticed Panli's ghost (journeyman CeAM)
 28526 | Lair:6   | Entered Level 6 of the Lair of Beasts
 28580 | Lair:6   | Reached skill level 7 in Invocations
 29292 | Lair:6   | Reached skill level 7 in Fighting
 29305 | Lair:6   | Received a gift from Okawaru
 29488 | Lair:6   | Reached skill level 15 in Dodging
 29499 | Lair:6   | Found a runed translucent gate.
 29515 | Lair:6   | Found a runed translucent gate.
 29516 | Lair:6   | Found a runed translucent gate.
 29548 | Lair:6   | Reached skill level 8 in Invocations
 30378 | Lair:6   | Reached XP level 14. HP: 65/72 MP: 15/24
 30387 | Lair:6   | Reached skill level 12 in Unarmed Combat
 30774 | Lair:6   | Noticed Nattefrost's ghost (journeyman DrHu)
 30774 | Lair:6   | Noticed Wostir's ghost (journeyman TeMo)
 31189 | Lair:6   | Reached skill level 8 in Fighting
 32016 | Orc:1    | Entered Level 1 of the Orcish Mines
 33521 | Orc:2    | Entered Level 2 of the Orcish Mines
 33521 | Orc:2    | Found a staircase to the Elven Halls.
 33624 | Orc:2    | Gained mutation: Your magical capacity is low. (-10% MP) [a
                  | neqoxec]
 34001 | Orc:2    | Reached skill level 9 in Fighting
 34161 | Orc:2    | Found Ozacir's Assorted Antiques.
 34715 | Orc:2    | Found Foliplug's Antique Armour Shoppe.
 35143 | Orc:2    | Noticed Saint Roka
 35300 | Orc:1    | Found Cuojesch's Jewellery Emporium.
 35529 | Orc:1    | Received a gift from Okawaru
 36001 | Orc:2    | Killed Saint Roka
 36001 | Orc:2    | Received a gift from Okawaru
 36002 | Orc:2    | Reached skill level 13 in Unarmed Combat
 36073 | Orc:2    | Found Plog's Antique Weapon Shoppe.
 36075 | Orc:2    | Found Xoamnufu's Antique Armour Emporium.
 36448 | D:1      | Bought a scroll of enchant armour for 82 gold pieces
 36448 | D:1      | Bought a scroll of fear for 38 gold pieces
 36699 | Orc:2    | Bought a faintly humming robe for 176 gold pieces
 36699 | Orc:2    | Identified the +2 robe of the Unbroken {rPois rCorr Int+5
                  | Slay-3} (You bought it in a shop on level 2 of the Orcish
                  | Mines)
 36699 | Orc:2    | Bought a crude robe for 176 gold pieces
 36699 | Orc:2    | Identified the +2 robe of Etzysch {Contam Str+7 Stlth+}
                  | (You bought it in a shop on level 2 of the Orcish Mines)
 36771 | Orc:2    | Bought a wand of digging (8) for 320 gold pieces
 37211 | D:12     | Reached skill level 10 in Fighting
 38253 | D:13     | Reached XP level 15. HP: 47/80 MP: 10/22
 38475 | D:12     | Slain by a wolf spider

Vanquished Creatures
  Saint Roka (Orc:2)
  A dire elephant (Lair:6)
  Harold (D:11)
  Josephine (D:10)
  A centaur warrior (D:13)
  A boulder beetle (D:11)
  10 hydras
  2 catoblepae (Lair:6)
  5 two-headed ogres
  Erica (D:11)
  6 death yaks (Lair:6)
  3 orc high priests (Orc:2)
  A bog body (Lair:2)
  An orc knight (Orc:2)
  A lindwurm (Lair:6)
  An orc sorcerer (Orc:2)
  3 oklob plants
  7 ugly things
  A deep elf pyromancer (D:12)
  4 manticores
  5 cyclopes
  Joseph (D:7)
  2 elephants (Lair:6)
  Maurice (D:10)
  6 black mambas
  11 cane toads
  Maggie (D:9)
  A gargoyle (D:9)
  2 unseen horrors
  A kobold demonologist (D:11)
  6 rime drakes
  6 komodo dragons
  5 trolls
  4 polar bears
  9 dream sheep (Lair:6)
  5 slime creatures
  Grinder (D:6)
  5 blink frogs
  A vampire (D:9)
  2 shadows
  11 wyverns
  8 basilisks
  4 wraiths
  42 yaks
  2 fire elementals (D:13)
  A steam dragon (Lair:5)
  Grum (D:9)
  A naga (Lair:4)
  Edmund (D:6)
  5 wargs
  A hell hound (D:12)
  Duvessa (D:5)
  11 water moccasins
  26 orc warriors
  2 ice beasts
  2 black bears
  11 ogres
  A sky beast (D:8)
  11 centaurs
  12 wolves
  A phantom (D:4)
  5 kobold brigands
  4 gnoll sergeants
  14 bullfrogs
  4 scorpions
  Dowan (D:5)
  A wyvern skeleton (D:7)
  10 wights
  3 electric eels (Lair:4)
  6 howler monkeys
  A bullfrog zombie (D:5)
  A jelly (D:7)
  A gnoll shaman (Orc:2)
  2 hounds (D:6)
  25 orc priests
  3 bullfrog skeletons
  2 iguanas
  10 hell rats
  21 orc wizards
  A killer bee zombie (D:7)
  2 howler monkey zombies
  Robin (D:4)
  10 gnolls
  6 adders
  A white imp (D:7)
  An ufetubus (D:5)
  An adder skeleton (D:4)
  A worm (D:3)
  4 dart slugs
  98 orcs
  4 bats
  5 endoplasms
  9 giant cockroaches
  11 goblins
  5 hobgoblins (D:4)
  8 kobolds
  3 quokkas
  5 ball pythons
  A frilled lizard (D:3)
  7 rats
  A bush (Lair:2)
581 creatures vanquished.

Vanquished Creatures (others)
  A centaur skeleton (D:6)
  A bush (Lair:6)
  117 foxfires
  44 fungi
  58 plants
221 creatures vanquished.

Grand Total: 802 creatures vanquished
